 Dungeon Crawl Stone Soup version 0.13-a0-2496-g11650dd (webtiles) character file.

4029 Rycklaryybbe the Summoner (level 9, -5/69 HPs)
             Began as a Purple Draconian Summoner on July 22, 2013.
             Was a Believer of Fedhas (penitent).
             Slain by a hill giant
             ... wielding a +1,+0 dire flail
              (27 damage)
             ... on Level 10 of the Dungeon.
             The game lasted 01:12:30 (10552 turns).

Rycklaryybbe the Summoner (DrSu)                   Turns: 10552, Time: 01:12:31

HP  -5/69        AC  9     Str 12      XL: 9   Next: 88%
MP  14/25        EV 12     Int 18      God: *Fedhas
Gold 371         SH  0     Dex 11      Spells:  6 memorised, 12 levels left

Res.Fire  : . . .   See Invis. : .   L - +4,+2 flail (drain)
Res.Cold  : . . .   Warding    : .   (armour unavailable)
Life Prot.: . . .   Conserve   : .   (no shield)
Res.Poison: .       Res.Corr.  : .   (helmet restricted)
Res.Elec. : .       Clarity    : +   z - +0 cloak
Sust.Abil.: + .     Spirit.Shd : .   I - +0 pair of gauntlets
Res.Mut.  : .       Stasis     : .   (no boots)
Res.Rott. : .       Flight     : .   N - amulet of clarity
Saprovore : . . .                    K - ring of sustain abilities
                                     m - ring of flight

@: somewhat resistant to hostile enchantments, unstealthy
A: breathe power, unfitting armour, AC +7
a: Breathe Dispelling Energy, Renounce Religion, Evoke Flight


You were on level 10 of the Dungeon.
You worshipped Fedhas.
Fedhas was demanding penance.
You were not hungry.

You visited 1 branch of the dungeon, and saw 10 of its levels.

You collected 351 gold pieces.

Inventory:

Hand weapons
 a - a +2,+3 elven whip of electrocution
 b - a +1,+1 dagger of venom
 e - a +0,+1 orcish club (quivered)
 f - a +0,+1 orcish short sword
 n - a +0,+0 spear
 L - a +4,+2 flail of draining (weapon)
Missiles
 p - 10 steel darts
 q - 14 poisoned needles
 r - 3 needles of slowing
 s - 32 darts
 A - a poisoned dart
 E - 8 javelins
Armour
 z - a +0 cloak (worn)
 I - a +0 pair of gauntlets (worn)
Magical devices
 u - a wand of confusion (0)
 v - a wand of slowing (13) {unknown}
Comestibles
 c - 5 bread rations
 F - 2 pears
 O - 15 grapes
 R - an apple
Scrolls
 d - 2 scrolls of enchant weapon II
 g - 5 scrolls of identify
 j - 5 scrolls of remove curse
 t - 2 scrolls of blinking
 y - a scroll of fear
 C - a scroll of immolation {unknown}
 G - a scroll of teleportation
 M - a scroll of enchant weapon I
 T - a scroll of magic mapping
Jewellery
 m - a ring of flight (left hand)
 w - the ring "Boaselisch" {-Cast EV+4 Str+3 Dex+3}
   (You found it on level 6 of the Dungeon)

   [ring of evasion]

   It affects your evasion (+4).
   It affects your strength (+3).
   It affects your dexterity (+3).
   It prevents spellcasting.
 K - a ring of sustain abilities (right hand)
 N - an amulet of clarity (around neck)
Potions
 h - a potion of brilliance
 k - 2 potions of curing
 o - a potion of agility
 x - 2 potions of poison
 B - a potion of speed
 D - a potion of restore abilities
 H - a potion of might
 J - a potion of heal wounds
 P - a potion of paralysis {unknown}
 Q - a potion of magic {unknown}
 S - a potion of mutation {unknown}
Books
 i - a book of Callings

   Spells                             Type                      Level
   *Summon Small Mammal               Summoning                    1
   *Call Imp                          Summoning                    2
   *Call Canine Familiar              Summoning                    3
   *Summon Scorpions                  Summoning/Poison             4
   *Summon Ice Beast                  Ice/Summoning                4
 l - a book of Death

   Spells                             Type                      Level
   Corpse Rot                         Necromancy                   2
   *Sublimation of Blood              Necromancy                   2
   Agony                              Necromancy                   5
   Dispel Undead                      Necromancy                   5
   Excruciating Wounds                Charms/Necromancy            5
   Bolt of Draining                   Conjuration/Necromancy       6


   Skills:
 - Level 6.1 Fighting
 - Level 1.7 Dodging
 - Level 1.7 Stealth
 - Level 10.0 Spellcasting
 + Level 10.1 Summonings


You had 12 spell levels left.
You knew the following spells:

 Your Spells              Type           Power        Failure   Level  Hunger
a - Summon Small Mammal   Summ           ####         1%          1    None
b - Call Imp              Summ           #####.....   1%          2    None
c - Call Canine Familiar  Summ           #####.....   1%          3    None
d - Sublimation of Blood  Necr           #.........   12%         2    None
e - Summon Ice Beast      Ice/Summ       ####......   12%         4    ###....
f - Summon Scorpions      Summ/Pois      ####......   12%         4    ###....


Dungeon Overview and Level Annotations

Branches:
Dungeon (10/27)            Temple (0/1) D:4             Orc (0/4) D:9
   Lair: D:8-13

Altars:
Fedhas
Okawaru
Xom
Yredelemnul


Message History

The jackal closely misses your scorpion.
You continue eating.
The scorpion dies!
The scorpion's corpse disappears in a puff of smoke!
Your jackal bites the scorpion but does no damage.
The jackal bites your scorpion but does no damage.
Your jackal barely misses the scorpion.
The scorpion stings your ice beast!
Your scorpion closely misses the scorpion.
Your ice beast closely misses the scorpion.
You continue eating.
The jackal bites your scorpion but does no damage.
The hill giant hits you with a dire flail!
Something stings your ice beast.
Your ice beast dies!
Your scorpion closely misses the jackal.
You continue eating.
The jackal barely misses your scorpion.
The hill giant hits you with a dire flail!
You die...
Fedhas appreciates your contribution to the ecosystem.

....................# .......#
....................# ......# .
....................# .....#..
....####'#########..######....#..
....#......#............#........
....#......#..)........<#f5......
....#......'..).).......'........
....#......#.%%..s......#........
....########...f@########....####
....# #.....sCZ...s.#......#
....# #.........hsh.#......#
....+ +.............#......+
....# #..........5..#......# ####
############..####+### ....
...... ......


You could see a hill giant, a scorpion, a two-headed ogre zombie, a jackal, a
friendly wandering mushroom, 3 friendly scorpions, a friendly crimson imp and a
friendly jackal.

Vanquished Creatures
  Pikel (D:5)
  Edmund (D:7)
  An ice beast (D:7)
  A black bear (D:5)
  A centaur (D:5)
  3 giant goldfish (D:6)
  2 slaves (D:5)
  2 ogres
  A killer bee (D:9)
  A hippogriff zombie (D:7)
  3 crimson imps
  2 electric eels (D:6)
  3 hounds
  A giant frog skeleton (D:6)
  An orc priest (D:5)
  Crazy Yiuf (D:6)
  A giant frog zombie (D:5)
  A big fish (D:6)
  A giant frog (D:8)
  A worker ant (D:10)
  3 orc wizards
  A scorpion (D:9)
  An iguana (D:4)
  2 ogre zombies
  7 adders
  2 gnolls (D:4)
  6 shadow imps
  3 worms
  A giant eyeball (D:8)
  6 giant geckos
  An ooze (D:2)
  8 orcs
  16 bats
  9 giant cockroaches
  9 goblins
  13 hobgoblins
  4 jackals (D:1)
  4 training dummies (D:2)
  3 ball pythons
  3 giant newts
  A hobgoblin zombie (D:6)
  9 kobolds
  A kobold skeleton (D:7)
  3 quokkas
  11 rats
156 creatures vanquished.

Vanquished Creatures (collateral kills)
  A hydra skeleton (D:8)
  A hippogriff (D:7)
  Eustachio (D:5)
  Menkaure (D:6)
  2 orc warriors
  A phantom (D:9)
  A sky beast (D:8)
  A slave (D:5)
  2 giant goldfish (D:6)
  An ogre (D:7)
  Sigmund (D:6)
  A water moccasin (D:10)
  2 big kobolds
  3 jellyfish (D:6)
  8 killer bees (D:9)
  A troll skeleton (D:9)
  4 wights (D:8)
  An electric eel (D:6)
  A crimson imp (D:7)
  A goliath beetle (D:7)
  3 big fish (D:6)
  An orc priest (D:8)
  5 scorpions
  3 hounds
  2 quasits (D:5)
  5 orc wizards
  An iguana (D:4)
  3 worker ants
  5 jellies
  A crocodile skeleton (D:9)
  A hound zombie (D:6)
  2 gnolls
  3 adders
  A giant centipede (D:9)
  5 shadow imps
  An ooze (D:2)
  26 orcs
  5 bats
  14 kobolds
  2 quokkas
  A giant cockroach (D:3)
  A goblin (D:7)
  5 jackals
  A rat (D:8)
132 creatures vanquished.

Vanquished Creatures (others)
  4 wolves
  2 ice beasts
  5 wargs
  11 crimson imps
  2 iron imps
  5 scorpions
  8 hounds
  11 white imps
  6 wandering mushrooms
  2 grey rats
  An orc (D:5)
  5 bats
  30 jackals
  6 rats
  28 plants (D:6)
  80 toadstools
206 creatures vanquished.

Grand Total: 494 creatures vanquished

Notes
Turn   | Place    | Note
--------------------------------------------------------------
     0 | D:1      | Rycklaryybbe, the Draconian Summoner, began the quest for the Orb.
     0 | D:1      | Reached XP level 1. HP: 14/14 MP: 3/3
   306 | D:1      | Reached XP level 2. HP: 18/20 MP: 4/4
   310 | D:1      | Learned a level 2 spell: Call Imp
   807 | D:1      | Reached XP level 3. HP: 18/26 MP: 1/7
  1328 | D:2      | Found an iron altar of Okawaru.
  2029 | D:2      | Reached XP level 4. HP: 33/33 MP: 9/9
  2310 | D:3      | Found a shimmering altar of Xom.
  3007 | D:3      | Found a blossoming altar of Fedhas.
  3008 | D:3      | Found a basalt altar of Yredelemnul.
  3013 | D:3      | Became a worshipper of Fedhas Madash
  3187 | D:4      | Reached XP level 5. HP: 32/38 MP: 12/12
  3301 | D:4      | Reached skill level 5 in Spellcasting
  3776 | D:4      | Reached XP level 6. HP: 43/45 MP: 16/16
  3990 | D:4      | Found a staircase to the Ecumenical Temple.
  4070 | D:4      | Acquired Fedhas' first power
  4162 | D:5      | Entered Level 5 of the Dungeon
  4215 | D:5      | Learned a level 3 spell: Call Canine Familiar
  4278 | D:5      | Reached skill level 6 in Spellcasting
  4443 | D:5      | Noticed Pikel
  4465 | D:5      | Killed Pikel
  4465 | D:5      | Reached skill level 7 in Spellcasting
  4465 | D:5      | Your scales start taking on a rich purple colour.
  4465 | D:5      | Reached skill level 8 in Spellcasting
  4465 | D:5      | Reached XP level 7. HP: 50/50 MP: 4/21
  4504 | D:5      | Learned a level 2 spell: Sublimation of Blood
  4857 | D:5      | Reached skill level 9 in Spellcasting
  4857 | D:5      | Reached skill level 5 in Summonings
  5120 | D:5      | Noticed Eustachio
  5162 | D:5      | Killed Eustachio
  5162 | D:5      | Reached XP level 8. HP: 31/57 MP: 21/23
  5535 | D:6      | Noticed Sigmund
  5569 | D:6      | Killed Sigmund
  5622 | D:6      | Chaositek: Привет
  5623 | D:6      | Rycklaryybbe: хай
  5628 | D:6      | Chaositek: Федаса взял? Зачем ? =D
  5659 | D:6      | Got a vibrating silver ring
  5662 | D:6      | Rycklaryybbe: хз)
  5662 | D:6      | Rycklaryybbe: никогда не играл с ним
  5671 | D:6      | Identified the ring "Boaselisch" {-Cast EV+4 Str+3 Dex+3} (You found it on level 6 of the Dungeon)
  5953 | D:6      | Noticed Menkaure
  5959 | D:6      | Killed Menkaure
  5987 | D:6      | Chaositek: Я тут на твоего кентавра Дэф кнайта наткнулс
  6029 | D:6      | Noticed Crazy Yiuf
  6043 | D:6      | Killed Crazy Yiuf
  6048 | D:6      | Rycklaryybbe: ))
  6048 | D:6      | Rycklaryybbe: очередной рандомный перс
  6306 | D:6      | Learned a level 4 spell: Summon Ice Beast
  6307 | D:6      | Chaositek: Думаю отправить его в абисс
  6411 | D:6      | Chaositek: Все изгнал =)
  6411 | D:6      | Rycklaryybbe: чего имп злой?
  6411 | D:6      | Rycklaryybbe: черный
  6416 | D:6      | Chaositek: хз
  6418 | D:6      | Chaositek: Rycklaryybbe's ghost is devoured by a tear in reality. Lugonu claims a new guest.
  6767 | D:6      | Acquired Fedhas' second power
  6837 | D:6      | Rycklaryybbe: а это весело
  6837 | D:6      | Rycklaryybbe: осушать озера)
  6885 | D:6      | Reached XP level 9. HP: 19/62 MP: 19/25
  7153 | D:6      | Learned a level 4 spell: Summon Scorpions
  7884 | D:7      | Noticed Edmund
  7956 | D:7      | Killed Edmund
  8228 | D:8      | Reached skill level 10 in Summonings
  8538 | D:8      | Paralysed by a giant eyeball for 3 turns
  8542 | D:8      | Reached skill level 10 in Spellcasting
  8543 | D:8      | Chaositek: убили
  8543 | D:8      | Chaositek: опять...
  8545 | D:8      | Chaositek: http://crawl.akrasiac.org/scoring/players/chaositek.html
  8545 | D:8      | Chaositek: сайт статистики кравла
  8761 | D:8      | Reached skill level 1 in Fighting
  9251 | D:9      | Chaositek: CeDK Yredelemnul Ruffian D:4 slain by Chaositek's ghost
  9251 | D:9      | Chaositek: lol мой гост тебя вальнул?
  9251 | D:9      | Rycklaryybbe: ну типа того
  9251 | D:9      | Chaositek: Кто был гост?
  9251 | D:9      | Rycklaryybbe: там толпа была
  9251 | D:9      | Rycklaryybbe: орки присты, гнолы, полная туса
  9251 | D:9      | Rycklaryybbe: и твой плелся)
  9251 | D:9      | Rycklaryybbe: я хз кто он был
  9255 | D:9      | Chaositek: Я за монков в последнее время играю
  9326 | D:9      | Found a staircase to the Orcish Mines.
  9431 | D:9      | Chaositek: самые мои мощные персы это нежить а нежить к счастью гостов не оставляет
  9432 | D:9      | Rycklaryybbe: каким место нежить самые мощные?
  9432 | D:9      | Rycklaryybbe: мумия у которйо все -2, или вампиры?
  9432 | D:9      | Rycklaryybbe: мощный гост, это минотавр берсерк с большим топором)
  9440 | D:9      | Chaositek: Отсутствие голода позваляет мумии спамить высокоуровневыми заклинаниями и чаннелить ману
  9440 | D:9      | Rycklaryybbe: или маги
  9440 | D:9      | Rycklaryybbe: огненные элементелисты
  9452 | D:9      | Chaositek: + сопротивление к негативке + имуун к яду+ резист к холоду
  9452 | D:9      | Rycklaryybbe: к гостам это не имеет никакого отношения
  9452 | D:9      | Rycklaryybbe: у гостов у всех эти иммуны и сопративления, лол
  9493 | D:9      | Chaositek: Угу но они уже госты а я говорю про тех за кого играть можно
  9522 | D:9      | Rycklaryybbe: сопротивление к негативки и резист к яду
  9522 | D:9      | Rycklaryybbe: этого слишком мало, что бы быть самыми мощными персами
  9567 | D:9      | Chaositek: вся фича в отсутсвии голода
  9662 | D:9      | Rycklaryybbe: это удобно конечно
  9662 | D:9      | Rycklaryybbe: особенно у мумий
  9663 | D:9      | Chaositek: ДЛя мага это вопрос жизни и смерти =)
  9667 | D:9      | Reached skill level 5 in Fighting
  9669 | D:9      | Rycklaryybbe: ну мана то у всех конечная
  9669 | D:9      | Chaositek: ну вернее окончательной смерти, поэтому хайлевельные маги превращаются в личей
  9669 | D:9      | Rycklaryybbe: хотя маг сприган у меня нормально себя чухал
  9669 | D:9      | Rycklaryybbe: вообще не парился по поводу голода
  9737 | D:9      | Chaositek: ману можно качать через специальную способность сиф муны или через орб жнергии или через стафф чанеллинга все эти способы снижают уровеньс сытости
  9755 | D:9      | Acquired Fedhas' third power
  9763 | D:9      | Rycklaryybbe: да, знаю
  9763 | D:9      | Rycklaryybbe: но мое мнение, что в кравле нет проблемы голода
  9763 | D:9      | Chaositek: Ну я тоже так думаю
  9763 | D:9      | Rycklaryybbe: я ниразу не умер от голода, а вот в адоме случалось)
  9771 | D:9      | Rycklaryybbe: меня в последнее время прет играть зверинцем))
  9771 | D:9      | Rycklaryybbe: еще и бог с грибочками ходячими
  9771 | D:9      | Rycklaryybbe: разношерстная компания
  9785 | D:9      | Chaositek: слишком сложно качатся саммонером
  9794 | D:9      | Chaositek: плюс на хайлевелах некоторые знают масс обжурэйшн
  9806 | D:9      | Chaositek: А богом лучше вехумета бери
  9811 | D:9      | Rycklaryybbe: чего?
  9829 | D:9      | Chaositek: Вехумет книжки дарит по саммонам
  9831 | D:9      | Rycklaryybbe: сиф муна вроде дарит)
  9831 | D:9      | Chaositek: плюс на высоких левелах затраты маны уменьшаютс
  9831 | D:9      | Rycklaryybbe: я визардом играл с вахуметом, он дает заклы просто выучить
  9831 | D:9      | Chaositek: Сиф муна дарит все подряд без разбора
  9833 | D:9      | Chaositek: А вех именно что ты качаешь дарить будет
  9947 | D:9      | Chaositek: Фёдору не нравится некромантия
 10073 | D:9      | Rycklaryybbe: ага
 10073 | D:9      | Rycklaryybbe: жаль, я раньше не знал)
 10073 | D:9      | Rycklaryybbe: потому что мне она очень нравится)
 10268 | D:10     | Entered Level 10 of the Dungeon
 10459 | D:10     | Was placed under penance by Fedhas
 10538 | D:10     | Noticed a hill giant
 10541 | D:10     | Rycklaryybbe: хмм, а чего звездочки пейти покраснели?)
 10541 | D:10     | Rycklaryybbe: впервые вижу такое
 10541 | D:10     | Chaositek: Ты можешь этого бога кинуть и взять веху
 10541 | D:10     | Chaositek: он тебя ненавидит
 10541 | D:10     | Rycklaryybbe: я посмотрел, у него вроде злой панишмент)
 10541 | D:10     | Chaositek: нажми ^
 10541 | D:10     | Rycklaryybbe: и?
 10541 | D:10     | Chaositek: И ты под ппенанцем
 10541 | D:10     | Rycklaryybbe: а что это значит?)
 10545 | D:10     | Chaositek: Он тебя не любит
 10546 | D:10     | Chaositek: и может обидеть
 10552 | D:10     | Slain by a hill giant

Action                   |  1- 3 |  4- 6 |  7- 9 || total
-------------------------+-------+-------+-------++-------
Melee: Dagger            |   109 |    11 |       ||   120
       Whip              |    18 |   173 |   166 ||   357
       Short sword       |     4 |       |       ||     4
       Unarmed           |     3 |       |       ||     3
       Club              |     1 |       |       ||     1
       Flail             |       |       |    43 ||    43
Throw: Club              |       |       |     1 ||     1
 Cast: Summon Small Mamm |     6 |     8 |    10 ||    24
       Call Imp          |     3 |    12 |    66 ||    81
       Call Canine Famil |       |     1 |    77 ||    78
       Summon Ice Beast  |       |       |     2 ||     2
       Summon Scorpions  |       |       |    11 ||    11
       Sublimation of Bl |       |       |     1 ||     1
Invok: Sunlight          |       |       |    14 ||    14
       Evolution         |       |       |     7 ||     7
 Abil: Breathe Dispellin |       |       |     3 ||     3
       Evoke Flight      |       |       |     1 ||     1
Evoke: Wand              |       |       |     1 ||     1
  Use: Scroll            |       |    10 |    12 ||    22
       Potion            |       |     2 |     4 ||     6
 Stab: Sleeping          |       |     2 |     1 ||     3
       Distracted        |       |       |     2 ||     2
       Fleeing           |       |       |     1 ||     1
